Map: Catalyst LE

Players

Zest - Winner!

  • Race: Protoss Protoss
  • Spawn Location: 11:00

Nerchio

  • Race: Zerg Zerg
  • Spawn Location: 5:00

Event: IEM Season 12 - Katowice

VOD

Have the link to the VOD?

Description

Time

  • Played on: March 2, 2018, 6:29 a.m.
  • Length: 6:23

All games in this series

Show
View Real Time Build Order
Export as new Build Order

Zest Protoss - Winner!

Build Orders: 1 Gate Expand, Oracle Opening, Phoenix Opening, Zealot Archon, Archon Drop 

Get SALT Encoding   

  12  0:00  Probe  
  13  0:13  Probe  
  14  0:18  Pylon  
  14  0:25  Probe (Chrono Boost)  
  15  0:37  Probe (Chrono Boost)  
  15  0:41  Gateway  
  16  0:45  Probe (Chrono Boost)  
  16  0:47  Assimilator  
  17  0:51  Probe  
  18  1:03  Probe  
  19  1:15  Probe  
  20  1:25  Nexus  
  21  1:35  Cybernetics Core  
  21  1:38  Probe  
  21  1:45  Assimilator  
  21  1:50  Probe  
  22  1:54  Pylon  
  22  2:02  Probe  
  23  2:10  Adept (Chrono Boost)  
  23  2:14  Stargate  
  25  2:17  Probe  
  26  2:24  Warp Gate  
  26  2:29  Adept  
  27  2:31  Probe (Chrono Boost)  
  29  2:37  Probe (Chrono Boost)  
  31  2:47  Probe x2 (Chrono Boost)  
  32  2:52  Probe (Chrono Boost)  
  32  2:55  Probe  
  32  2:57  Phoenix (Chrono Boost)  
  36  3:04  Probe  
  37  3:07  Probe  
  37  3:08  Pylon  
  37  3:12  Oracle (Chrono Boost)  
  38  3:16  Probe  
  42  3:24  Probe  
  43  3:28  Probe  
  44  3:34  Assimilator  
  44  3:36  Probe, Assimilator  
  44  3:40  Oracle (Chrono Boost)  
  45  3:41  Gateway  
  45  3:43  Probe  
  45  3:46  Pylon  
  49  3:52  Probe  
  50  3:55  Probe  
  50  4:02  Robotics Facility  
  51  4:04  Probe  
  51  4:07  Probe  
  53  4:20  Probe x2  
  53  4:21  Twilight Council  
  55  4:32  Probe  
  55  4:33  Probe  
  55  4:35  Gateway  
  55  4:37  Gateway  
  57  4:38  Gateway  
  57  4:39  Gateway  
  57  4:51  Warp Prism (Chrono Boost)  
  57  4:52  Charge (Chrono Boost)  
  57  4:57  Pylon  
  59  5:00  Templar Archives  
  59  5:02  Zealot  
  61  5:18  Nexus  
  61  5:19  Pylon  
  61  5:29  Zealot x2  
  61  5:31  Pylon  
  65  5:37  High Templar  
  65  5:38  High Templar x2  
  65  5:39  High Templar  
  65  5:42  Pylon, Archon x2  
  73  5:43  Pylon  
  73  5:44  Observer (Chrono Boost)  
  74  5:51  Zealot x2  
  78  6:11  Zealot x6  
Show
View Real Time Build Order
Export as new Build Order

Nerchio Zerg 

Build Orders: Hatch First 

Get SALT Encoding   

  12  0:00  Drone  
  13  0:12  Overlord  
  13  0:17  Drone  
  14  0:31  Drone x2  
  16  0:49  Hatchery  
  15  0:52  Drone  
  15  0:56  Drone  
  17  1:00  Drone  
  18  1:10  Extractor  
  17  1:14  Spawning Pool  
  16  1:19  Drone  
  16  1:22  Drone  
  18  1:28  Drone  
  19  1:39  Drone  
  20  1:53  Hatchery  
  19  1:57  Drone  
  20  2:06  Queen  
  22  2:14  Metabolic Boost  
  22  2:17  Drone  
  22  2:21  Drone  
  24  2:23  Drone  
  24  2:29  Overlord  
  25  2:36  Queen  
  27  2:40  Zergling x2  
  28  2:48  Drone, Zergling x4  
  28  2:50  Drone  
  32  2:52  Drone  
  33  2:58  Queen  
  33  3:02  Zergling x2  
  36  3:12  Drone  
  37  3:13  Drone x2  
  37  3:15  Overlord  
  37  3:17  Drone x2  
  41  3:23  Overlord  
  40  3:29  Drone x2  
  40  3:33  Overlord  
  41  3:35  Drone x2  
  41  3:37  Drone  
  41  3:38  Drone  
  45  3:43  Queen  
  45  3:47  Overlord  
  47  3:52  Drone x2  
  47  3:53  Drone  
  50  3:59  Spore Crawler  
  50  4:02  Spore Crawler  
  48  4:04  Drone x3  
  50  4:10  Drone x4  
  50  4:12  Drone  
  50  4:15  Drone  
  52  4:19  Drone  
  52  4:21  Drone  
  54  4:24  Drone  
  54  4:26  Drone  
  55  4:31  Drone, Baneling Nest  
  55  4:33  Drone  
  55  4:36  Drone  
  57  4:40  Drone x2  
  57  4:41  Drone  
  57  4:44  Overlord  
  60  4:47  Drone  
  60  4:48  Drone x2  
  60  4:50  Drone  
  60  4:52  Drone  
  60  4:55  Drone  
  60  4:56  Drone  
  60  4:57  Drone  
  63  5:00  Spore Crawler  
  63  5:01  Overlord  
  63  5:02  Drone  
  63  5:04  Drone  
  64  5:08  Zergling x6  
  64  5:10  Zergling x4  
  69  5:14  Lair  
  69  5:16  Overlord  
  69  5:24  Drone x4, Extractor x2  
  72  5:28  Drone x2  
  72  5:29  Extractor  
  72  5:31  Queen  
  72  5:32  Drone x2  
  72  5:33  Drone  
  77  5:40  Queen  
  79  5:43  Overlord x2  
  79  5:47  Zergling x10  
  84  5:51  Overlord  
  84  5:52  Zergling x4  
  84  5:54  Overlord  
  86  6:00  Zergling x4  
  86  6:02  Zergling x2  
  86  6:03  Zergling x4  

Tags
 
Add a new tag
Caveats
  • Supply blocks, unpowered buildings, or Contaminate may cause inaccurate times.
  • Supply counts are checked every 10 seconds.